 Dungeon Sprint DCSS version 0.22.1-1-ga44c0e56f4 (webtiles) character file.

116 MuseOD the Covert (level 4, 0/25 HPs)
             Began as a Spriggan Enchanter on Sept 28, 2018.
             Killed from afar by a necromancer (25 damage)
             ... with a bolt of fire
             ... in the Dungeon (Sprint III: "The Ten Rune Challenge").
             The game lasted 00:01:22 (884 turns).

MuseOD the Covert (Spriggan Enchanter)               Turns: 884, Time: 00:01:23

Health: 0/25       AC:  2    Str:  4    XL:     4   Next: 70%
Magic:  1/9        EV: 18    Int: 17    God:
Gold:   20         SH:  0    Dex: 16    Spells: 2/8 levels left

rFire    . . .     SeeInvis +   a - +1 dagger
rCold    . . .     Gourm    .   (shield restricted)
rNeg     . . .     Faith    .   b - +0 robe
rPois    .         Spirit   .   (helmet restricted)
rElec    .         Reflect  .   (no cloak)
rCorr    .         Harm     .   (gloves unavailable)
MR       .....     NoTele   +   (boots unavailable)
Stlth    ++++......             (no amulet)
HPRegen  0.08/turn              (no ring)
MPRegen  0.11/turn              (no ring)

@: very quick
A: very small, unfitting armour, see invisible, herbivore, speed 3, slow
metabolism 2
a: no special abilities


You were in the Dungeon.
You were not hungry.

You visited 1 branch You collected 20 gold pieces.

Inventory:

Hand Weapons
 a - a +1 dagger (weapon)
Armour
 b - a +0 robe (worn)
Scrolls
 c - a scroll of torment {unknown}
 j - 2 scrolls of blinking
 k - 4 scrolls of identify
 l - 2 scrolls of remove curse
 m - a scroll of immolation {unknown}
Potions
 e - a potion of curing
 f - 2 potions of heal wounds
 g - a potion of haste
 h - 2 potions of magic
 i - a potion of berserk rage
 n - 2 potions of flight
 o - 6 potions of mutation
Comestibles
 d - 3 rations


   Skills:
 + Level 3.6 Fighting
 * Level 7.3 Short Blades
 - Level 3.0 Dodging
 + Level 8.6 Stealth
 - Level 2.6 Spellcasting
 - Level 3.6 Hexes


You had 2 spell levels left.
You knew the following spells:

 Your Spells              Type           Power        Failure   Level  Hunger
a - Corona                Hex            ##.....      4%          1    #......
b - Ensorcelled Hibernat  Hex/Ice        #.....       13%         2    ##.....
c - Confuse               Hex            ##......     12%         3    ###....

Your spell library contained the following spells:

 Spells                   Type           Power        Failure   Level  Hunger
 Tukima's Dance           Hex            ##......     12%         3    ###....
 Dazzling Spray           Conj/Hex       #.....       26%         3    ###....


Dungeon Overview and Level Annotations

Branches:
Dungeon (1/1)

Altars:
Dithmenos
Ru
Yredelemnul


Innate Abilities, Weirdness & Mutations

You are very small and have problems with some larger weapons.
You are too small for most types of armour.
You have supernaturally acute eyesight. (SInv)
You are a herbivore.
You cover ground extremely quickly.
You need to consume almost no food.


Message History

You hit the necromancer but do no damage.
The necromancer is lightly wounded.
You miss the necromancer.
The necromancer is lightly wounded.
The necromancer hits you but does no damage.
You hit the necromancer but do no damage.
The necromancer is lightly wounded.
The necromancer completely misses you.
You hit the necromancer but do no damage.
The necromancer is lightly wounded.
You closely miss the necromancer.
The necromancer is lightly wounded.
The necromancer gestures wildly while chanting.
The necromancer binds the souls of nearby monsters.
You hit the necromancer but do no damage.
The necromancer is lightly wounded.
The necromancer casts a spell at you. The bolt of fire hits you!
Ouch! That really hurt!
You die...

▓▓▓▓▓▓▓▓▓▓▓ ▓▓
▓<.#..'...♣♣♣♣ ♣.
▓@.#..#....♣.♣ ♣.
▓#p####.....♣ ♣.
▓.....#....≈♣♣ ♣.
▓.....#...≈≈.♣ ♣♣.
▓.....#..≈≈≈≈♣♣♣..
▓####'#..≈≈≈≈≈≈.♣p
▓[....#.≈≈≈≈≈≈....
▓.÷...#.≈≈≈≈≈.....
▓.....#.≈≈≈.......


You could see a necromancer.

Vanquished Creatures
  A water elemental (D)
  Crazy Yiuf (D)
  A human (D)
  2 oozes (D)
  2 rats (D)
7 creatures vanquished.

Vanquished Creatures (others)
  2 draconian scorchers (D)
  6 hellions (D)
  2 yaktaurs (D)
10 creatures vanquished.

Grand Total: 17 creatures vanquished

Notes
Turn   | Place    | Note
-------+----------+-------------------------------------------
     0 | D        | MuseOD the Spriggan Enchanter began the quest for the Orb.
     0 | D        | Reached XP level 1. HP: 9/9 MP: 5/5
    10 | D        | Reached skill level 1 in Fighting
    10 | D        | Reached skill level 5 in Stealth
    97 | D        | Killed a hellion
   121 | D        | Killed a hellion
   133 | D        | Killed a hellion
   135 | D        | Killed a hellion
   144 | D        | Killed a hellion
   150 | D        | Killed a white draconian scorcher
   163 | D        | Killed a white draconian scorcher
   170 | D        | Killed a hellion
   223 | D        | Killed a yaktaur
   320 | D        | Reached XP level 2. HP: 7/14 MP: 6/6
   324 | D        | Learned a level 2 spell: Ensorcelled Hibernation
   496 | D        | Killed a yaktaur
   561 | D        | Reached skill level 6 in Stealth
   561 | D        | Reached XP level 3. HP: 18/18 MP: 2/8
   566 | D        | Learned a level 3 spell: Confuse
   617 | D        | Noticed Crazy Yiuf
   625 | D        | Killed Crazy Yiuf
   625 | D        | Reached skill level 5 in Short Blades
   625 | D        | Reached skill level 7 in Stealth
   785 | D        | Noticed a water elemental
   788 | D        | Killed a water elemental
   788 | D        | Reached skill level 8 in Stealth
   788 | D        | Reached XP level 4. HP: 25/25 MP: 9/9
   796 | D        | Found a basalt altar of Yredelemnul.
   796 | D        | Found a shadowy altar of Dithmenos.
   796 | D        | Found a sacrificial altar of Ru.
   796 | D        | Noticed a necrophage
   884 | D        | Killed from afar by a necromancer

Skill      XL: |  1  2  3 |
---------------+----------+-----
Fighting       | 1 2 3 |  3.6
Short Blades   | 3 4 7 |  7.3
Stealth        | 5 6 8 |  8.6
Dodging        | |  3.0
Spellcasting   | |  2.6
Hexes          | |  3.6

Action                   |  1- 3 |  4- 6 || total
-------------------------+-------+-------++-------
Melee: Dagger            |    33 |     8 ||    41
 Cast: Ensorcelled Hiber |     3 |       ||     3
       Confuse           |     1 |     5 ||     6
 Stab: Sleeping          |     4 |       ||     4
Armor: Robe              |     4 |       ||     4
Dodge: Dodged            |    13 |     8 ||    21
